 Dungeon Crawl Stone Soup version 0.24-a0-613-g1ff6aac338 (webtiles) character file.

Game seed: 3634635748882042443, levelgen mode: deterministic

965 Jorund the Chopper (level 8, 0/48 HPs)
             Began as a Formicid Arcane Marksman on Sept 11, 2019.
             Was an Initiate of Okawaru.
             Slain by an ice beast (14 damage)
             ... on level 5 of the Dungeon.
             The game lasted 00:16:06 (3970 turns).

Jorund the Chopper (Formicid Arcane Marksman)       Turns: 3970, Time: 00:16:08

Health: 0/48       AC:  4    Str: 15      XL:     8   Next: 38%
Magic:  9/9        EV: 12    Int: 17      God:    Okawaru [......]
Gold:   143        SH:  0    Dex: 10 (11) Spells: 3/9 levels left

rFire    . . .     SeeInvis +   a - +0 hand crossbow
rCold    . . .     Gourm    .   (no shield)
rNeg     + . .     Faith    .   e - +0 robe
rPois    .         Spirit   .   (helmet unavailable)
rElec    .         Reflect  .   r - +1 cloak (curse)
rCorr    .         Harm     .   (no gloves)
MR       .....                  (no boots)
Stlth    +.........             (no amulet)
HPRegen  0.56/turn              w - ring of positive energy
MPRegen  0.11/turn              (no ring)

@: no status effects
A: permanent stasis, dig shafts and tunnels, four strong arms, antennae 3,
clever 1, frail 1, regeneration 1
a: Dig, Shaft Self, Renounce Religion


You were on level 5 of the Dungeon.
You worshipped Okawaru.
Okawaru was noncommittal.
You were not hungry.

You visited 2 branches of the dungeon, and saw 7 of its levels.
You also visited: Sewer.

You collected 143 gold pieces.

Inventory:

Hand Weapons
 a - a +0 hand crossbow (weapon)
 m - a +0 hand axe
 p - a +1 vampiric short sword
 t - a +4 dagger
Missiles
 k - 34 bolts (quivered)
Armour
 e - a +0 robe (worn)
 r - a cursed +1 cloak (worn)
Jewellery
 w - a ring of positive energy (left hand)
Scrolls
 b - 4 scrolls of identify
 c - 2 scrolls of teleportation
 g - a scroll of fog {unknown}
 l - a scroll of amnesia {unknown}
 n - 4 scrolls of remove curse {unknown}
 s - a scroll of blinking {unknown}
 x - a scroll of immolation
Potions
 d - 7 potions of heal wounds
 h - 3 potions of haste
 i - a potion of degeneration {unknown}
 j - a potion of flight {unknown}
 o - 5 potions of curing {unknown}
 q - a potion of cancellation
 u - a potion of might {unknown}
 v - a potion of brilliance {unknown}
Comestibles
 f - 5 rations
 z - a chunk of flesh


   Skills:
 - Level 1.1 Fighting
 + Level 7.3 Axes
 + Level 4.4 Crossbows
 - Level 1.7 Dodging
 + Level 1.2 Spellcasting
 + Level 5.2 Hexes


You had 3 spell levels left.
You knew the following spells:

 Your Spells              Type           Power        Failure   Level  Hunger
a - Corona                Hex            ###....      2%          1    ##.....
b - Slow                  Hex            ###.....     3%          2    ###....
c - Inner Flame           Hex/Fire       ##......     22%         3    ####...

Your spell library contained the following spells:

 Spells                   Type           Power        Failure   Level  Hunger
 Summon Small Mammal      Summ           #...         22%         1    ##.....
 Portal Projectile        Hex/Tloc       ##....       22%         3    ####...
 Summon Guardian Golem    Hex/Summ       ##......     22%         3    ####...
 Call Imp                 Summ           #.......     32%         2    ###....
 Call Canine Familiar     Summ           #.......     54%         3    ####...
 Cause Fear               Hex            ###.......   24%         4    #####..
 Leda's Liquefaction      Hex/Erth       ##........   56%         4    #####..
 Summon Ice Beast         Ice/Summ       #.......     91%         4    #####..
 Summon Lightning Spire   Summ/Air       #.......     91%         4    #####..


Dungeon Overview and Level Annotations

Branches:
Dungeon (6/15)             Temple (1/1) D:5           Sewer (visited)

Altars:
Ashenzari
Fedhas
Hepliaklqana
Kikubaaqudgha
Nemelex Xobeh
Okawaru
Ru
Yredelemnul

Annotations:
D:2 1 runed translucent door, Crazy Yiuf, Sigmund
D:5 Menkaure


Innate Abilities, Weirdness & Mutations

You cannot be hasted, slowed, berserked, paralysed or teleported.
You can dig through walls and to a lower floor.
Your four strong arms can wield two-handed weapons with a shield.
You have a pair of large antennae on your head. (SInv)
Your mind is acute. (Int +2)
You are frail. (-10% HP)
Your natural rate of healing is unusually fast.


Message History

Aim: an ice beast (severely wounded)
You shoot a bolt. The bolt hits the ice beast!
The ice beast is almost dead.
The ice beast hits you but does no damage.
Firing (i - inventory)
k - 36 bolts (quivered)
Press: ? - help, Shift-Dir - straight line, f/p - ice beast
Aim: an ice beast (almost dead)
You shoot a bolt. The bolt barely misses the ice beast.
The ice beast hits you but does no damage.
The ice beast barely misses you.
Firing (i - inventory)
k - 35 bolts (quivered)
Press: ? - help, Shift-Dir - straight line, f/p - ice beast
Aim: an ice beast (almost dead)
You shoot a bolt.
The bolt hits the ice beast but does no damage.
The ice beast is almost dead.
The ice beast hits you.
* * * LOW HITPOINT WARNING * * *
The ice beast freezes you!
You die...

#.#.## #÷# #.#*****#.#..... ##.##
#.####..,,,,,.,###... #.#
#...#*******#.,* #.#. #.# ###.#
#,,* #.#. #.# **** #.#
******,,**#.#. #.# *##≈≈* #[#
*,,,,,,,,,#.#. #.# #≈≈≈≈* #.#
**,###*,,*,#.#. #.#
#≈##≈*###.###.....,,,..#.#. #.#
#≈≈##*#...@Y((...(,,,#.#.#. #.#
#≈≈≈###...........*,*#.#... *#.#
#≈≈≈≈#..≈.....≈(≈..,*#.###.
*#.####≈≈≈≈≈≈≈≈≈≈.≈≈≈≈(≈≈.,#.* #.
*#.....≈≈≈≈≈≈≈≈≈≈≈.≈≈≈≈≈.≈.#.* #.
######.≈≈≈≈≈≈.≈≈≈≈≈≈..≈≈≈≈≈..###.
....#....≈≈≈≈≈≈≈.≈≈≈≈≈≈≈≈≈≈#.....
###.......≈.≈.≈≈..≈.≈.#≈≈≈≈#.###.
,*###...#######*,,,,,,*≈≈≈≈##* #.


You could see an ice beast.

Vanquished Creatures
  Grinder (D:5)
  2 centaurs
  A big kobold (Sewer)
  3 crimson imps
  A quasit (D:5)
  A howler monkey (D:6)
  2 orc priests (D:6)
  Terence (D:2)
  Natasha (twice) (D:2)
  A gnoll (D:5)
  8 adders
  5 river rats
  An ooze (Sewer)
  2 leopard geckos
  7 orcs
  7 ball pythons
  6 bats
  4 giant cockroaches (D:5)
  9 goblins
  6 hobgoblins
  4 jackals (D:6)
  A quokka (D:3)
  A frilled lizard (Sewer)
  15 kobolds (Sewer)
  24 rats
115 creatures vanquished.

Notes
Turn   | Place    | Note
-------+----------+-------------------------------------------
     0 | D:1      | Jorund the Formicid Arcane Marksman began the quest for the
                  | Orb.
     0 | D:1      | Reached XP level 1. HP: 15/15 MP: 2/2
   738 | D:1      | Reached XP level 2. HP: 21/21 MP: 3/3
   938 | D:2      | Reached XP level 3. HP: 26/26 MP: 4/4
  1034 | D:2      | Noticed Sigmund
  1108 | D:2      | Noticed Terence
  1115 | D:2      | Killed Terence
  1115 | D:2      | Reached XP level 4. HP: 18/32 MP: 5/5
  1120 | D:2      | Reached skill level 5 in Hexes
  1515 | D:2      | Noticed Natasha
  1518 | D:2      | Killed Natasha
  1540 | D:2      | Found a blossoming altar of Fedhas.
  1613 | D:2      | Noticed Natasha
  1619 | D:2      | Killed Natasha
  1619 | D:2      | Reached XP level 5. HP: 25/37 MP: 6/6
  1669 | D:2      | Found a runed translucent door.
  1670 | D:2      | Noticed Crazy Yiuf
  1758 | D:3      | Learned a level 2 spell: Slow
  1762 | D:3      | Learned a level 3 spell: Inner Flame
  1811 | D:3      | Gained mutation: You are frail. (-10% HP) [potion of
                  | mutation]
  1811 | D:3      | Gained mutation: You are very frail. (-20% HP) [potion of
                  | mutation]
  1811 | D:3      | Gained mutation: Your mind is acute. (Int +2) [potion of
                  | mutation]
  1811 | D:3      | Gained mutation: You have sharp fingernails. [potion of
                  | mutation]
  1812 | D:3      | Lost mutation: You are very frail. (-20% HP) [potion of
                  | mutation]
  1812 | D:3      | Lost mutation: You have sharp fingernails. [potion of
                  | mutation]
  1812 | D:3      | Gained mutation: Your natural rate of healing is unusually
                  | fast. [potion of mutation]
  2013 | D:3      | You fall into a shaft and drop 3 floors!
  2134 | D:6      | Reached skill level 1 in Axes
  2182 | D:6      | Noticed a centaur
  2246 | D:6      | Reached skill level 2 in Axes
  2246 | D:6      | Reached XP level 6. HP: 28/38 MP: 7/7
  2261 | D:6      | HP: 1/38 [jackal (3)]
  2361 | D:6      | Reached skill level 3 in Axes
  2371 | D:6      | Reached skill level 4 in Axes
  2411 | D:5      | Entered Level 5 of the Dungeon
  2454 | D:5      | Reached XP level 7. HP: 15/43 MP: 8/8
  2632 | D:5      | Reached skill level 5 in Axes
  2667 | D:5      | Noticed Menkaure
  2790 | D:5      | Found a staircase to the Ecumenical Temple.
  2809 | D:5      | Noticed Grinder
  2819 | D:5      | Killed Grinder
  2819 | D:5      | Reached skill level 6 in Axes
  2819 | D:5      | Reached XP level 8. HP: 39/48 MP: 9/9
  2858 | D:5      | Found a glowing drain.
  2885 | Sewer    | Entered a sewer
  3054 | Sewer    | Reached skill level 7 in Axes
  3587 | Temple   | Entered the Ecumenical Temple
  3619 | Temple   | Became a worshipper of Warmaster Okawaru
  3970 | D:5      | Slain by an ice beast

Levels and vault maps discovered:
D:1:      lightli_arrival_chessboard, layout_basic, grunt_decor_arrowhead
D:2:      lemuel_upstairs_altar, layout_rooms, fedhas_altar_4, uniq_sigmund,
          uniq_terence, uniq_natasha, uniq_crazy_yiuf_cottage
D:3:      minmay_goblin_kobold_castle, layout_loops_ring
D:4:      layout_cave_pools, vehumet_statue, first_ration
D:5:      layout_loops_ring, minmay_temple_entry_slanted, portal_sewer_entry_c,
          chequers_serial_rivers_large_a, chequers_jeans, uniq_ijyb,
          uniq_menkaure, uniq_grinder
D:6:      kennysheep_windowed_halls, layout_cave_pools
Temple:   regret_index_temple_waves

Skill      XL: |  1  2  3  4  5  6  7  8 |
---------------+-------------------------+-----
Hexes          | 4 5 |  5.2
Crossbows      | 3 4 |  4.4
Axes           | 2 4 6 7 |  7.3
Fighting       | |  1.1
Dodging        | |  1.7
Spellcasting   | |  1.2

Action                   |  1- 3 |  4- 6 |  7- 9 || total
-------------------------+-------+-------+-------++-------
Melee: Hand axe          |       |    69 |    93 ||   162
       Dagger            |       |    65 |   101 ||   166
 Fire: Hand crossbow     |    27 |    71 |   100 ||   198
 Cast: Corona            |     1 |       |       ||     1
  Use: Potion            |       |     7 |       ||     7
       Scroll            |       |     5 |     6 ||    11
  Eat: Ration            |       |     1 |     1 ||     2
       Chunk             |       |     1 |     3 ||     4
Armor: Robe              |     9 |    89 |    60 ||   158
       Skin              |       |    60 |       ||    60
Dodge: Dodged            |    20 |   182 |   160 ||   362

Table legend:
 A = Non-vault XP
 B = Vault XP
 C = Vault XP percentage of total XP
 D = Non-vault monster count
 E = Vault monster count
 F = Vault count percentage of total count
                 A         B        C        D         E       F
            +---------+---------+-------+---------+---------+-------
      Total |     783 |     596 |  43.2 |      53 |      62 |  53.9
            +---------+---------+-------+---------+---------+-------
        D:1 |      14 |       0 |   0.0 |       8 |       0 |   0.0
        D:2 |      78 |      73 |  48.3 |      11 |       2 |  15.4
        D:3 |      19 |      12 |  38.7 |       5 |       6 |  54.5
        D:4 |       1 |       0 |   0.0 |       1 |       0 |   0.0
        D:5 |     328 |     297 |  47.5 |      11 |       6 |  35.3
        D:6 |     343 |       0 |   0.0 |      17 |       0 |   0.0
      Sewer |       0 |     214 | 100.0 |       0 |      48 | 100.0
            +---------+---------+-------+---------+---------+-------
